 Dungeon Crawl Stone Soup version 0.27.1-34-g3ba077fa99 (webtiles) character file.

Game seed: 10350929909747080986

16 raph the Firebug (level 2, -2/20 HPs)
             Began as a Hill Orc Fire Elementalist on Jan 6, 2022.
             Slain by an adder (3 damage)
             ... on level 1 of the Dungeon.
             The game lasted 00:01:23 (1446 turns).

raph the Firebug (Hill Orc Fire Elementalist)       Turns: 1446, Time: 00:01:24

Health: -2/20      AC:  2    Str: 10    XL:     2   Next: 58%
Magic:  1/4        EV: 12    Int: 15    God:
Gold:   42         SH:  0    Dex: 11    Spells: 3/4 levels left

rFire    . . .     SeeInvis .   f - +0 mace
rCold    . . .     Faith    .   (no shield)
rNeg     . . .     Spirit   .   a - +0 robe
rPois    .         Reflect  .   (no helmet)
rElec    .         Harm     .   (no cloak)
rCorr    .         Rampage  .   (no gloves)
Will     .....                  (no boots)
Stlth    ++........             (no amulet)
HPRegen  0.06/turn              (no ring)
MPRegen  0.09/turn              (no ring)

@: lethally poisoned (-2 -> -11)
A: no striking features
a: no special abilities


You were on level 1 of the Dungeon.
You visited 1 branch of the dungeon, and saw 2 of its levels.

You collected 42 gold pieces.

Inventory:

Hand Weapons
 f - a +0 mace (weapon)
Armour
 a - a +0 robe (worn)
Scrolls
 b - 2 scrolls of identify {unknown}
 c - a scroll of fog {unknown}
 e - a scroll of enchant weapon {unknown}
 h - a scroll of teleportation {unknown}
Potions
 d - a potion of ambrosia {unknown}
 g - a potion of degeneration {unknown}


   Skills:
 - Level 1.5 Dodging
 - Level 1.5 Stealth
 - Level 1.5 Spellcasting
 - Level 1.0 Conjurations
 + Level 4.2 Fire Magic


You had 3 spell levels left.
You knew the following spells:

 Your Spells              Type           Power      Damage    Failure   Level
a - Foxfire               Conj/Fire      36%        2x1d5     8%          1

Your spell library contained the following spells:

 Spells                   Type           Power      Damage    Failure   Level
 Conjure Flame            Conj/Fire      9%         6-21      24%         3
 Inner Flame              Hex/Fire       7%         N/A       28%         3
 Sticky Flame             Conj/Fire      9%         2d3       61%         4
 Fireball                 Conj/Fire      4%         3d4       91%         5


Dungeon Overview and Level Annotations

Branches:
Dungeon (2/15)

Altars:


Message History

There is a stone staircase leading up here.
The adder barely misses you. x2; The adder bites you.
You climb upwards.
There is a stone staircase leading down here.
You hit the adder.
The adder is heavily wounded.
The adder bites you.
You are poisoned.
The adder poisons you! The adder barely misses you. The adder bites you.
The adder misses you.
You closely miss the adder.
The adder is heavily wounded.
You feel sick. The adder misses you. The adder closely misses you.
The adder barely misses you.
You miss the adder.
The adder is heavily wounded.
You feel sick. The adder bites you.
You are more poisoned.
The adder poisons you! The adder bites you. x2
* * * LOW HITPOINT WARNING * * *
You are more poisoned.
The adder poisons you!
You are too injured to fight recklessly!
You are too injured to fight recklessly!
You are too injured to fight recklessly!
You are too injured to fight recklessly!
You are too injured to fight recklessly!
You are too injured to fight recklessly!
You are too injured to fight recklessly!
You are too injured to fight recklessly!
You are too injured to fight recklessly!
You are too injured to fight recklessly!
You hit the adder.
The adder is severely wounded.
* * * LOW HITPOINT WARNING * * *
You feel very sick. The adder bites you.
* * * LOW HITPOINT WARNING * * *
The adder barely misses you. x2; The adder bites you.
You die...

##.#.## #.# ##.###.####.#
##.####......#
#.###...#.########
#..........[.##...
####.#.....####.##.##
#...#................
#######.##S##...###########
#.......##@###.##
#.########S# #.# ###.#
##.###.# ##.#.# #......#
##.#..## #..#####
##.###..######..# #.##
##.........#
##.###..######.## ##.#..##
#.#


You could see 2 adders.

Vanquished Creatures
  2 ball pythons
  2 endoplasms (D:1)
  3 hobgoblins
  2 quokkas (D:1)
  2 bats (D:1)
  2 frilled lizards (D:2)
  A kobold (D:1)
  A rat (D:1)
15 creatures vanquished.

Vanquished Creatures (others)
  37 foxfires
37 creatures vanquished.

Grand Total: 52 creatures vanquished

Notes
Turn   | Place    | Note
-------+----------+-------------------------------------------
     0 | D:1      | raph the Hill Orc Fire Elementalist began the quest for the
                  | Orb.
     0 | D:1      | Reached XP level 1. HP: 14/14 MP: 3/3
   767 | D:1      | Reached XP level 2. HP: 20/20 MP: 0/4
   866 | D:1      | Reached skill level 4 in Fire Magic
  1446 | D:1      | HP: 1/20 [adder (1)]
  1446 | D:1      | Slain by an adder

Illustrated notes

Levels and vault maps discovered:
D:1:      wheals_arrival_linesprint, layout_loops_ring
D:2:      minmay_inner_zag, layout_rooms, minmay_bisected, uniq_natasha

Skill      XL: |  1  2 |
---------------+-------+-----
Fire Magic     | 4 |  4.2
Dodging        | |  1.5
Stealth        | |  1.5
Spellcasting   | |  1.5
Conjurations   | |  1.0

Action                   || total
-------------------------++-------
Melee: Unarmed           ||     4
       Mace              ||    19
 Cast: Foxfire           ||    21
 Stab: Sleeping          ||     3
Armor: Robe              ||     7
Dodge: Dodged            ||    30
